 Dungeon Crawl Stone Soup version 0.22-a0-433-gd2a9cce (webtiles) character file.

1264 Megalobster the Changer (level 8, -2/59 HPs)
             Began as a Pale Draconian Transmuter on May 27, 2018.
             Was a Follower of Okawaru.
             Slain by an orc
             ... wielding a +0 short sword
              (6 damage)
             ... on level 6 of the Dungeon.
             The game lasted 00:32:45 (6163 turns).

Megalobster the Changer (Pale Draconian Transmuter) Turns: 6163, Time: 00:32:45

Health: -2/59      AC:  2    Str: 15    XL:     8   Next: 27%
Magic:  6/11       EV: 19    Int: 18    God:    Okawaru [*.....]
Gold:   263        SH:  0    Dex: 16    Spells: 2/12 levels left

rFire    . . .     SeeInvis .     - Unarmed
rCold    . . .     Gourm    .   (shield currently unavailable)
rNeg     . . .     Faith    .   (armour unavailable)
rPois    x         Spirit   .   (helmet currently unavailable)
rElec    .         Reflect  .   (cloak currently unavailable)
rCorr    .         Harm     .   (gloves currently unavailable)
MR       .....                  (boots currently unavailable)
Stlth    +.........             (no amulet)
HPRegen  0.19/turn              v - +4 ring of intelligence
MPRegen  0.12/turn              (no ring)

@: spider-form
A: tiny, (breathe steam), unfitting armour, AC +6
a: End Transformation, Heroism, Renounce Religion


You were on level 6 of the Dungeon.
You worshipped Okawaru.
Okawaru was aware of your devotion.
You were not hungry.
You were a venomous arachnid creature.
You visited 2 branches of the dungeon, and saw 7 of its levels.

You collected 263 gold pieces.

Inventory:

Hand Weapons
 a - a +4 dagger of protection (melded)
 b - a +0 hunting sling
 t - a +0 vampiric short sword
Missiles
 d - 209 stones (quivered)
 e - 83 arrows
 h - 29 sling bullets
Armour
 m - a scarf of cloud immunity
 r - a +0 cloak (melded)
 u - a +0 pair of boots (melded)
Jewellery
 o - an uncursed ring of fire
 v - a +4 ring of intelligence (left front leg)
 w - an uncursed ring of ice
Wands
 j - a wand of flame (19)
 n - a wand of polymorph (15)
Scrolls
 f - a scroll of noise
 g - a scroll of enchant armour
 i - 2 scrolls of enchant weapon
 k - 2 scrolls of amnesia
 q - 4 scrolls of remove curse {@r2}
 y - a scroll of random uselessness
 z - a scroll of fear {unknown}
Potions
 l - 4 potions of might
 p - a potion of mutation {unknown}
 s - a potion of magic {unknown}
 x - a potion of curing {unknown}
 A - a potion of degeneration
Comestibles
 c - 8 rations


   Skills:
 - Level 1.1 Fighting
 - Level 1.7 Dodging
 + Level 5.9 Unarmed Combat
 + Level 2.5 Spellcasting
 + Level 6.2 Transmutations
 * Level 3.3 Ice Magic
 - Level 2.8 Poison Magic
 - Level 3.3 Invocations


You had 2 spell levels left.
You knew the following spells:

 Your Spells              Type           Power        Failure   Level  Hunger
a - Beastly Appendage     Tmut           ###...       6%          1    #......
b - Sticks to Snakes      Tmut           ###.....     8%          2    ##.....
c - Spider Form           Tmut/Pois      ###.......   21%         3    ###....
d - Ice Form              Ice/Tmut       ###.....     45%         4    #####..

Your spell library contained the following spells:

 Spells                   Type           Power        Failure   Level  Hunger
 Fireball                 Conj/Fire      #.........   100%        5    ######.
 Conjure Flame            Conj/Fire      #.......     67%         3    ###....
 Throw Flame              Conj/Fire      #.....       47%         2    ##.....
 Sticky Flame             Conj/Fire      #.......     95%         4    #####..
 Blade Hands              Tmut           ###.......   58%         5    ######.
 Flame Tongue             Conj/Fire      #....        36%         1    #......
 Inner Flame              Hex/Fire       #.......     67%         3    ###....


Dungeon Overview and Level Annotations

Branches:
Dungeon (6/15)             Temple (1/1) D:4

Altars:
Ashenzari
Cheibriados
Dithmenos
Elyvilon
Fedhas
Gozag
Hepliaklqana
Kikubaaqudgha
Makhleb
Nemelex Xobeh
Okawaru
Qazlal
Ru
Sif Muna
Trog
Uskayaw
Vehumet
Wu Jian
Xom
Yredelemnul
Zin
The Shining One


Innate Abilities, Weirdness & Mutations

((You can breathe blasts of scalding, opaque steam.))
((Your pale cyan-grey scales are hard. (AC +6)))
You cannot fit into any form of body armour.
((You are cold-blooded and may be slowed by cold attacks.))


Message History

Your ball python bites the orc warrior but does no damage.
Your ball python grabs the orc warrior.
Your ball python constricts the orc warrior.
The orc warrior misses you.
You take 3 damage, and have 15/59 hp.
You hit the orc warrior.
The orc warrior is heavily wounded.
Your ball python bites the orc warrior but does no damage.
Your ball python constricts the orc warrior.
The orc hits you with a short sword.
* * * LOW HITPOINT WARNING * * *
The orc warrior hits you with a dire flail!
* * * LOW HITPOINT WARNING * * *
You take 11 damage, and have 4/59 hp.
You bite the orc warrior!
The orc warrior is poisoned.
The orc warrior is almost dead.
Your ball python bites the orc warrior but does no damage.
Your ball python constricts the orc warrior.
The orc hits you with a short sword.
You die...

# ##############
#.#####..o§§....o..#
###...Ss#.##########.#
#......oo........ #.#
#.#.#####.####### #.#
#.# #........ #.#
.....###############.#
..((.o.(..(((o.....>.#
...(..########[#####.#
...o.. #.######.# #.#
....o. #.).)....# #.#


You could see an orc warrior, an orc and a friendly ball python.

Vanquished Creatures
  Prince Ribbit (D:5)
  Sigmund (D:2)
  Edmund (D:5)
  2 phantoms (D:5)
  A bullfrog (D:6)
  Blork the orc (D:4)
  A jelly (D:5)
  A hound (D:5)
  4 orc wizards
  2 bullfrog skeletons (D:5)
  Ijyb (D:3)
  4 gnolls (D:5)
  8 adders
  A shadow imp (D:5)
  2 oozes
  2 adder skeletons
  An adder zombie (D:5)
  6 worms
  2 dart slugs
  5 leopard geckos
  8 orcs
  4 giant cockroaches
  8 goblins
  4 hobgoblins (D:1)
  6 jackals
  11 kobolds
  2 quokkas
  4 bats
  6 frilled lizards
  A jackal skeleton (D:5)
  8 rats
109 creatures vanquished.

Notes
Turn   | Place    | Note
-------+----------+-------------------------------------------
     0 | D:1      | Megalobster the Draconian Transmuter began the quest for the Orb.
     0 | D:1      | Reached XP level 1. HP: 16/16 MP: 3/3
   167 | D:1      | Reached XP level 2. HP: 20/23 MP: 3/5
   322 | D:1      | Reached skill level 3 in Transmutations
   326 | D:1      | Learned a level 2 spell: Sticks to Snakes
   555 | D:1      | Reached XP level 3. HP: 28/28 MP: 4/6
   906 | D:1      | Learned a level 3 spell: Spider Form
   907 | D:2      | Noticed Sigmund
  1421 | D:2      | Reached skill level 1 in Poison Magic
  1451 | D:2      | Reached XP level 4. HP: 35/35 MP: 7/7
  1536 | D:2      | Killed Sigmund
  1536 | D:2      | Reached skill level 4 in Transmutations
  1536 | D:2      | Reached XP level 5. HP: 14/40 MP: 2/8
  2273 | D:2      | You fall through a shaft for 2 floors!
  2385 | D:4      | Found a staircase to the Ecumenical Temple.
  2395 | Temple   | Entered the Ecumenical Temple
  2537 | Temple   | Became a worshipper of Warmaster Okawaru
  2941 | D:3      | Reached XP level 6. HP: 47/47 MP: 9/9
  3506 | D:3      | Noticed Ijyb
  3519 | D:3      | Killed Ijyb
  3652 | D:3      | Found a glowing golden altar of the Shining One.
  3744 | D:4      | Found an ornate altar of the Wu Jian Council.
  3783 | D:4      | Noticed Blork the orc
  3793 | D:4      | Reached skill level 5 in Transmutations
  3798 | D:4      | Killed Blork the orc
  3798 | D:4      | Reached skill level 1 in Invocations
  4260 | D:5      | Entered Level 5 of the Dungeon
  4291 | D:5      | Found a blossoming altar of Fedhas.
  4348 | D:5      | Found a stormy altar of Qazlal.
  4421 | D:5      | Reached skill level 5 in Unarmed Combat
  4421 | D:5      | Your scales start taking on a pale cyan-grey colour.
  4421 | D:5      | Reached XP level 7. HP: 47/52 MP: 8/10
  4487 | D:5      | Learned a level 4 spell: Ice Form
  4495 | D:5      | Noticed Edmund
  4517 | D:5      | Killed Edmund
  4517 | D:5      | Reached * piety under Okawaru
  4517 | D:5      | Reached skill level 1 in Ice Magic
  5213 | D:5      | Noticed Prince Ribbit
  5223 | D:5      | Killed Prince Ribbit
  5223 | D:5      | Reached skill level 6 in Transmutations
  5223 | D:5      | Reached XP level 8. HP: 23/59 MP: 6/11
  5493 | D:5      | Found a radiant altar of Vehumet.
  5493 | D:5      | Found a shattered altar of Ashenzari.
  5845 | D:6      | HP: 1/59 [orc warrior/steel tomahawk (3)]
  6163 | D:6      | Slain by an orc

Vault maps used:
D:1:      dpeg_arrival_lava_temple_mockup
D:2:      first_ration, minmay_misc_feat_secret_circle, uniq_sigmund
D:3:      nicolae_overflow_hidden_temple, minmay_door_square, uniq_ijyb
D:4:      lemuel_crystal_altar, minmay_temple_entry_grid, serial_glass,
          glass_columns_a, glass_columns_b, kennysheep_generic_room_8,
          uniq_blork_the_orc
D:5:      minmay_diamond_boxcup, gammafunk_temple_overflow_elements,
          grunt_temple_overflow_forces_of_nature, uniq_edmund,
          uniq_prince_ribbit1
D:6:      uniq_pikel
Temple:   nicolae_temple_elliptical

Skill      XL: |  1  2  3  4  5  6  7  8 |
---------------+-------------------------+-----
Transmutations | 3 4 5 6 |  6.2
Poison Magic   | 1 2 |  2.8
Unarmed Combat | 4 5 |  5.9
Invocations    | 2 3 |  3.3
Ice Magic      | 2 3 |  3.3
Fighting       | |  1.1
Dodging        | |  1.7
Spellcasting   | |  2.5

Action                   |  1- 3 |  4- 6 |  7- 9 || total
-------------------------+-------+-------+-------++-------
Melee: Unarmed           |    11 |    15 |    32 ||    58
       Dagger            |    57 |   119 |    70 ||   246
       Tailslap          |     6 |    13 |    10 ||    29
       Kick              |     3 |     4 |       ||     7
       Headbutt          |     2 |     2 |       ||     4
       Punch             |       |     6 |       ||     6
 Fire: Hunting sling     |    39 |    74 |    44 ||   157
Throw: Stone             |     3 |       |       ||     3
 Cast: Beastly Appendage |     5 |     7 |     3 ||    15
       Sticks to Snakes  |       |     1 |     1 ||     2
       Spider Form       |       |     1 |     4 ||     5
 Abil: Breathe Steam     |       |       |    13 ||    13
  Use: Potion            |       |     3 |     2 ||     5
       Scroll            |       |     7 |     2 ||     9
 Stab: Distracted        |       |       |     1 ||     1
  Eat: Chunk             |     2 |     2 |     2 ||     6
       Ration            |       |     3 |     1 ||     4
Armor: Skin              |    19 |    44 |    32 ||    95
Dodge: Dodged            |    37 |    77 |    51 ||   165

Table legend:
 A = Spawn XP
 B = Non-spawn XP
 C = Spawn XP percentage of total XP
 D = Spawn monster count
 E = Non-spawn monster count
 F = Spawn count percentage of total count
 G = Total turns spent on level
                    A         B        C        D         E        F      G
               +---------+---------+-------+---------+---------+-------+---------
         Total |       0 |    1807 |   0.0 |       0 |     109 |   0.0 |  6163
               +---------+---------+-------+---------+---------+-------+---------
           D:1 |       0 |      51 |   0.0 |       0 |      25 |   0.0 |   946
           D:2 |       0 |     317 |   0.0 |       0 |      22 |   0.0 |  1565
           D:3 |       0 |      89 |   0.0 |       0 |      19 |   0.0 |   853
           D:4 |       0 |     189 |   0.0 |       0 |       7 |   0.0 |   743
           D:5 |       0 |     975 |   0.0 |       0 |      29 |   0.0 |  1690
           D:6 |       0 |     186 |   0.0 |       0 |       7 |   0.0 |   213
               +---------+---------+-------+---------+---------+-------+---------
